 Dungeon Crawl Stone Soup version 0.19.1-1-g22dce08 (webtiles) character file.

123 theAP the Skirmisher (level 5, 0/34 HPs)
             Began as a Gargoyle Fighter on Jan 18, 2017.
             Slain by a sky beast (2 damage)
             ... on level 3 of the Dungeon.
             The game lasted 00:03:42 (1164 turns).

theAP the Skirmisher (Gargoyle Fighter)             Turns: 1164, Time: 00:03:43

Health: 0/34       AC: 12    Str: 21    XL:     5   Next: 7%
Magic:  5/5        EV:  7    Int:  8    God:
Gold:   52         SH:  9    Dex:  9    Spells: 0 memorised, 4 levels left

rFire  . . .     SeeInvis .     e - +0 whip
rCold  . . .     Gourm    .     b - +0 scale mail
rNeg   + . .     Faith    .     c - +0 shield
rPois  ∞         Spirit   .     (no helmet)
rElec  +         Reflect  .     l - +0 cloak
rCorr  .         Harm     .     (no gloves)
MR     .....                    (no boots)
Stlth  ..........               (no amulet)
                                (no ring)
                                (no ring)

@: no status effects
A: negative energy resistance 1, electricity resistance, unbreathing,
petrification resistance, rot immunity, AC +4
a: no special abilities


You were on level 3 of the Dungeon.
You were not hungry.

You visited 1 branch of the dungeon, and saw 3 of its levels.

You collected 52 gold pieces.

Inventory:

Hand Weapons
 a - a +0 flail
 e - a +0 whip (weapon)
Armour
 b - a +0 scale mail (worn)
 c - a +0 shield (worn)
 l - a +0 cloak (worn)
Wands
 k - a wand of hasting (4/9)
Scrolls
 i - a scroll of recharging {unknown}
 q - 2 scrolls of remove curse
Potions
 d - 2 potions of might
 g - a potion of brilliance {unknown}
 j - a potion of haste {unknown}
 m - a potion of cancellation {unknown}
 n - a potion of invisibility {unknown}
Comestibles
 f - 2 bread rations
 h - a meat ration
 r - 2 chunks of flesh


   Skills:
 + Level 4.4 Fighting
 * Level 4.2 Maces & Flails
 - Level 3.3 Armour
 - Level 3.2 Shields


You had 4 spell levels left.
You didn't know any spells.

Dungeon Overview and Level Annotations

Branches:
Dungeon (3/15)

Altars:
Xom


Innate Abilities, Weirdness & Mutations

You are resistant to torment.
Your stone body is resilient. (AC +4)
You are immune to poison.
You resist negative energy. (rN+)
You are resistant to electric shocks. (rElec)
You can survive without breathing.
You are immune to petrification.
You are immune to rotting.


Message History

You hit something but do no damage. Something hits you.
* * * LOW HITPOINT WARNING * * *
Something shocks you. You resist.
* * * LOW HITPOINT WARNING * * *
You closely miss something. Something hits you.
* * * LOW HITPOINT WARNING * * *
Something shocks you. You resist.
* * * LOW HITPOINT WARNING * * *
You miss something. You miss something. Something hits you but does no damage.
You miss something. You block something's attack.
You hit something. Something hits you but does no damage.
You miss something. Something hits you.
* * * LOW HITPOINT WARNING * * *
Something shocks you. You resist.
* * * LOW HITPOINT WARNING * * *
You closely miss something. Something hits you.
* * * LOW HITPOINT WARNING * * *
Something shocks you. You resist.
You die...

### #.. #.# #.# #.#
##.# #.# .#.# #.#
#..# #.#
.#.########### #.#
.............###{#
................@##
##.##..........(..#
#.##.#####...###.#
#.##.# #..........
#.##.# #[...###.###
##.##.# #...## .#
...##.# #..## .#
##.##.# #..# .#
##.##.# #..#


There were no monsters in sight!

Vanquished Creatures
  Terence (D:2)
  Ijyb (D:2)
  2 adders (D:3)
  A worm (D:2)
  3 dart slugs (D:2)
  2 leopard geckos (D:2)
  An orc (D:2)
  A ball python (D:2)
  2 goblins (D:1)
  7 hobgoblins
  3 jackals (D:2)
  6 kobolds
  A quokka (D:2)
  2 bats
  5 frilled lizards
  7 rats
45 creatures vanquished.

Notes
Turn   | Place    | Note
-------+----------+-------------------------------------------
     0 | D:1      | theAP the Gargoyle Fighter began the quest for the Orb.
     0 | D:1      | Reached XP level 1. HP: 14/14 MP: 1/1
   127 | D:1      | Reached XP level 2. HP: 16/19 MP: 2/2
   460 | D:2      | Noticed Terence
   490 | D:2      | Killed Terence
   490 | D:2      | Reached XP level 3. HP: 16/24 MP: 3/3
   491 | D:2      | Noticed Ijyb
   513 | D:2      | Killed Ijyb
   513 | D:2      | Reached XP level 4. HP: 16/29 MP: 4/4
   882 | D:2      | Found a shimmering altar of Xom.
  1123 | D:3      | Reached XP level 5. HP: 34/34 MP: 5/5
  1129 | D:3      | Noticed a sky beast
  1164 | D:3      | Slain by a sky beast

Skill      XL: |  1  2  3  4 |
---------------+-------------+-----
Fighting       | 4 |  4.4
Maces & Flails | 3 4 |  4.2
Armour         | |  3.3
Shields        | |  3.2

Action                   |  1- 3 |  4- 6 || total
-------------------------+-------+-------++-------
Melee: Whip              |   102 |   170 ||   272
       Flail             |    13 |       ||    13
  Use: Scroll            |       |     4 ||     4
  Eat: Chunk             |       |     1 ||     1
Armor: Scale mail        |    59 |    77 ||   136
Dodge: Dodged            |    27 |    29 ||    56
Block: Shield            |    44 |    56 ||   100
